 Dungeon Crawl Stone Soup version 0.28-a0-479-g5baa6b73be (webtiles) character file.

Game seed: 22379375921297068

88936 Xplodonator the Bludgeoner (level 15, -4/113 (141) HPs)
             Began as a Minotaur Berserker on Sept 19, 2021.
             Was a High Priest of Trog.
             Slain by a +1 long sword of draining (6 damage)
             ... on level 1 of the Elven Halls.
             The game lasted 02:21:01 (28620 turns).

Xplodonator the Bludgeoner (Minotaur Berserker)    Turns: 28620, Time: 02:21:02

HP:   -4/113 (141)  AC: 29    Str: 27    XL:     15   Next: 47%
MP:   4/4           EV: 11    Int:  4    God:    Trog [*****.]
Gold: 2252          SH: 13    Dex: 11    Spells: 14/14 levels left

rFire   . . .      SeeInvis .   l - +2 demon whip (antimagic)
rCold   . . .      Faith    .   x - +0 kite shield {rPois}
rNeg    . . .      Spirit   .   m - +0 plate armour
rPois   +          Reflect  .   R - +2 hat
rElec   .          Harm     .   (no cloak)
rCorr   .          Rampage  .   s - +2 pair of gloves
Will    ++...                   H - +2 pair of boots
Stlth   ..........              (no amulet)
HPRegen 0.28/turn               n - ring of willpower
MPRegen 0.09/turn               q - +4 ring of protection

@: heavily drained
A: horns 2, retaliatory headbutt
a: Renounce Religion, Berserk, Trog's Hand, Brothers in Arms


You were on level 1 of the Elven Halls.
You worshipped Trog.
Trog was extremely pleased with you.
You visited 5 branches of the dungeon, and saw 23 of its levels.
You also visited: Ossuary.

You collected 2301 gold pieces.
You spent 49 gold pieces at shops.

Inventory:

Hand Weapons
 g - a +7 eveningstar of protection
 l - a +2 antimagic demon whip (weapon)
Missiles
 r - 9 throwing nets
 S - 6 atropa-tipped darts (quivered)
Armour
 m - a +0 plate armour (worn)
 s - a +2 pair of gloves (worn)
 x - a +0 kite shield of poison resistance (worn)
 H - a +2 pair of boots (worn)
 R - a +2 hat (worn)
 Y - a +1 kite shield of cold resistance
Jewellery
 k - a ring of positive energy
 n - a ring of willpower (left hand)
 q - a +4 ring of protection (right hand)
 w - a ring of ice
 A - a ring of flight
 C - a ring of willpower
 E - a +4 ring of protection
 L - a ring of poison resistance
Wands
 j - a wand of digging (3)
 p - a wand of acid (11)
 y - a wand of paralysis (8)
 I - a wand of iceblast (18)
 V - a wand of flame (53)
Scrolls
 d - 3 scrolls of noise
 e - 13 scrolls of teleportation
 f - 5 scrolls of immolation
 v - 7 scrolls of identify
 G - a scroll of fear
 O - 4 scrolls of blinking
 Q - 2 scrolls of silence
 X - 2 scrolls of fog
Potions
 a - 13 potions of curing
 b - 2 potions of cancellation
 i - a potion of resistance
 o - 4 potions of invisibility
 u - 2 potions of might
 z - a potion of haste
 B - 3 potions of mutation
 F - a potion of berserk rage
 U - 4 potions of flight
Miscellaneous
 c - a phial of floods
 D - a tin of tremorstones (2/2)


   Skills:
 - Level 15.0 Fighting
 - Level 16.0 Maces & Flails
 - Level 1.0(10.8) Staves
 - Level 8.0 Throwing
 + Level 13.2 Armour
 + Level 8.9 Dodging
 - Level 15.0 Shields
 - Level 5.0 Evocations


You had 14 spell levels left.
You didn't know any spells.
Your spell library was empty.

Dungeon Overview and Level Annotations

Branches:
Dungeon (13/15)            Temple (1/1) D:4            Lair (6/6) D:8
 Shoals (0/4) Lair:2       Spider (0/4) Lair:3        Slime (0/5) Lair:6
    Orc (2/2) D:12            Elf (1/3) Orc:2       Ossuary (visited)
 Vaults: D:13-14

Altars:
Ashenzari
Fedhas
Gozag
Hepliaklqana
Kikubaaqudgha
Ru
Sif Muna
Trog
Vehumet
Beogh

Shops:
D:10 !((   Orc:2 [*((*   Elf:1 =?

Annotations:
D:10 want whip
D:11 3 runed translucent doors, exclusion: 3 doors, MirrMurr's ghost, journeyman GnHu
Lair:2 2 transporters, Wuw Late's ghost, journeyman GrEE
Lair:6 2 transporters, Heedrag's ghost, journeyman MiBe
Elf:1 2 transporters, Naivonosm's ghost, journeyman DEIE


Innate Abilities, Weirdness & Mutations

You have a pair of horns on your head.
You reflexively headbutt those who attack you in melee.


Message History

The +1 long sword of draining hits you!
* * * LOW HITPOINT WARNING * * *
You feel drained.
* * * LOW HITPOINT WARNING * * *
You feel much better. The +1 long sword of draining hits you.
You feel drained.
The +1 long sword of draining hits you but does no damage.
You feel drained.
You miss the +1 long sword of draining.
Your headbutt misses the +1 long sword of draining.
You block the +1 long sword of draining's attack.
You hit the +1 long sword of draining but do no damage.
Your headbutt misses the +1 long sword of draining.
You block the +1 long sword of draining's attack.
The deep elf archer mumbles some strange words.
The deep elf archer blinks!
The +1 long sword of draining hits you but does no damage.
You feel drained.
You barely miss the +1 long sword of draining.
Your headbutt misses the +1 long sword of draining.
The +1 long sword of draining closely misses you.
You furiously retaliate!
You headbutt the +1 long sword of draining!
You miss the +1 long sword of draining.
Your headbutt misses the +1 long sword of draining.
The +1 long sword of draining is moderately damaged.
The +1 long sword of draining hits you!
* * * LOW HITPOINT WARNING * * *
You feel drained.
* * * LOW HITPOINT WARNING * * *
The +1 long sword of draining closely misses you.
You hit the +1 long sword of draining.
The +1 long sword of draining is heavily damaged.
The +1 long sword of draining hits you!
* * * LOW HITPOINT WARNING * * *
You feel drained.
* * * LOW HITPOINT WARNING * * *
The +1 long sword of draining hits you!
* * * LOW HITPOINT WARNING * * *
You feel drained.
You die...

#.......############### #
#.......##........#...# #
#......(##.⌠......#.<.# #
##.....###........#.[.#
#.....# #...##).##.[.# ##
##'##### #...#)...#...# .##
##.e# #...#....#...# ..#
##.#.# #...#....#.).#
#.###.##.# #@..#....#[).#
#..#.###.# #(..#....#...#
##...# #.# ###...##..##...#
.#...###'#####.....#........#
.#©..#...[..e.e..⌠.#.!....⌠.#
.#.:##.....###.....#........#
##.###.....# ################
#..# #.....# #.## #....)#


You could see a +1 long sword of draining.

Vanquished Creatures
  Gastronok (Lair:1)
  A dire elephant (Lair:6)
  Josephine (Orc:1)
  4 hydras
  2 boulder beetles
  Harold (Lair:1)
  A catoblepas (Lair:6)
  4 two-headed ogres
  11 death yaks
  A deep troll shaman (Lair:6)
  3 orc high priests (Orc:2)
  5 deep elf knights (Elf:1)
  2 slime creatures (D:12)
  3 deep elf archers (Elf:1)
  7 orc knights
  5 deep elf pyromancers (Elf:1)
  An orb spider (Lair:3)
  A manticore (D:11)
  4 deep elf zephyrmancers (Elf:1)
  2 cyclopes
  8 orc sorcerers
  2 ugly things (D:12)
  15 elephants (Lair:6)
  Joseph (Lair:1)
  3 black mambas
  2 gargoyles
  13 cane toads
  Maggie (D:10)
  6 rime drakes
  A kobold demonologist (D:11)
  10 komodo dragons
  A tengu conjurer (D:13)
  2 polar bears
  9 trolls
  6 dream sheep (Lair:4)
  10 blink frogs (Lair:4)
  An air elemental (Elf:1)
  A shadow (D:10)
  A vampire (D:12)
  58 yaks
  6 wraiths
  5 wyverns
  4 basilisks
  2 vampire mosquitoes (D:12)
  4 steam dragons
  5 wargs
  A swamp worm (D:8)
  18 water moccasins
  Menkaure (D:7)
  An acid dragon (D:11)
  22 orc warriors
  An ice beast (D:8)
  6 ogres
  9 wolves
  A necrophage (D:5)
  A phantom (D:7)
  6 centaurs
  5 kobold brigands
  18 bullfrogs
  A gnoll sergeant (D:5)
  13 killer bees
  7 howler monkeys
  2 electric eels (Orc:1)
  A bullfrog zombie (D:6)
  4 centaur zombies
  3 hounds
  20 orc priests
  2 jellies
  A centaur skeleton (D:7)
  An iguana (D:5)
  A bullfrog skeleton (D:6)
  A gnoll shaman (D:7)
  Ijyb (D:3)
  23 orc wizards
  A hound zombie (D:5)
  2 hound skeletons (D:4)
  8 mummies (Ossuary)
  10 gnolls
  A howler monkey skeleton (D:7)
  7 adders
  A shadow imp (D:6)
  A white imp (D:5)
  An adder skeleton (D:5)
  3 dart slugs
  72 orcs
  7 endoplasms
  3 giant cockroaches
  5 goblins
  5 hobgoblins
  2 jackals (D:5)
  2 quokkas (D:3)
  7 ball pythons
  5 bats
  5 frilled lizards
  2 gnoll zombies (Ossuary)
  2 hobgoblin zombies (Ossuary)
  33 kobolds
  3 kobold zombies (Ossuary)
  An orc zombie (Ossuary)
  A quokka skeleton (D:4)
  6 rats
604 creatures vanquished.

Vanquished Creatures (collateral kills)
  The ghost of PirateVox the Grappler, a journeyman TrAE of Hepliaklqana (Orc:2)
  A catoblepas (D:11)
  A deep elf knight (Elf:1)
  A deep elf zephyrmancer (Elf:1)
  A deep elf archer (Elf:1)
  2 orc knights (Orc:2)
  A deep elf pyromancer (Elf:1)
  A cyclops (D:12)
  A manticore (D:12)
  2 elephants (Lair:6)
  2 slime creatures (D:12)
  A warg (Orc:2)
  An orc warrior (Orc:2)
  3 orc priests
  13 orcs
32 creatures vanquished.

Vanquished Creatures (others)
  An unseen horror (D:11)
  53 fungi
  46 plants
100 creatures vanquished.

Grand Total: 736 creatures vanquished

Notes
Turn   | Place    | Note
-------+----------+-------------------------------------------
     0 | D:1      | Xplodonator the Minotaur Berserker began the quest for the
                  | Orb.
     0 | D:1      | Reached XP level 1. HP: 19/19 MP: 0/0
   149 | D:1      | Reached XP level 2. HP: 23/27 MP: 1/1
   386 | D:1      | Reached skill level 4 in Maces & Flails
   580 | D:1      | Found a faded altar of an unknown god.
   804 | D:1      | Reached ** piety under Trog
   816 | D:1      | Reached XP level 3. HP: 27/34 MP: 2/2
  1634 | D:2      | Reached skill level 5 in Fighting
  1990 | D:3      | Reached XP level 4. HP: 32/42 MP: 3/3
  2495 | D:3      | Noticed Ijyb
  2500 | D:3      | HP: 3/66 [Ijyb/bolt of acid (26)]
  2504 | D:3      | Killed Ijyb
  3329 | D:3      | Identified a scroll of acquirement
  3329 | D:3      | Acquired a +1 eveningstar of protection
  3455 | D:4      | Reached XP level 5. HP: 45/50 MP: 4/4
  3528 | D:4      | Found a staircase to the Ecumenical Temple.
  3538 | D:4      | Reached skill level 5 in Maces & Flails
  3693 | D:4      | Found a shimmering blue altar of Sif Muna.
  3896 | Temple   | Entered the Ecumenical Temple
  3914 | D:5      | Entered Level 5 of the Dungeon
  4166 | D:5      | Reached XP level 6. HP: 34/60 MP: 5/5
  4418 | D:5      | Found a sand-covered staircase.
  4425 | Ossuary  | Entered an ossuary
  4441 | Ossuary  | Reached *** piety under Trog
  4900 | D:5      | Reached skill level 6 in Maces & Flails
  5102 | D:5      | Found an opulent altar of Gozag.
  5230 | D:5      | Reached XP level 7. HP: 68/68 MP: 6/6
  5421 | D:5      | Found a large runed translucent door.
  5422 | D:5      | Found a large runed translucent door.
  6070 | D:5      | Found a sacrificial altar of Ru.
  6073 | D:5      | Found an ancient bone altar of Kikubaaqudgha.
  6177 | D:6      | Reached skill level 7 in Maces & Flails
  6218 | D:6      | Reached XP level 8. HP: 79/79 MP: 7/7
  6422 | D:6      | Reached skill level 10 in Fighting
  6928 | D:6      | Reached skill level 8 in Maces & Flails
  7504 | D:7      | Found a broken altar of Ashenzari.
  7637 | D:7      | Reached skill level 9 in Maces & Flails
  7659 | D:7      | Reached **** piety under Trog
  7854 | D:7      | Found a blossoming altar of Fedhas.
  7980 | D:7      | Reached XP level 9. HP: 75/86 MP: 8/8
  8366 | D:7      | Found a bloodstained altar of Trog.
  8380 | D:7      | Reached skill level 10 in Maces & Flails
  8525 | D:7      | Noticed Menkaure
  8530 | D:7      | Killed Menkaure
  8805 | D:8      | Reached skill level 11 in Maces & Flails
  8882 | D:8      | Found a hazy altar of Hepliaklqana.
  8914 | D:8      | Found a radiant altar of Vehumet.
  9421 | D:8      | Found a staircase to the Lair.
  9893 | D:8      | Reached skill level 12 in Maces & Flails
 10096 | D:8      | Reached skill level 5 in Armour
 10324 | D:9      | Reached XP level 10. HP: 95/95 MP: 9/9
 10572 | D:9      | Reached skill level 13 in Maces & Flails
 10715 | D:9      | Noticed a two-headed ogre
 10722 | D:9      | Killed a two-headed ogre
 10730 | D:9      | Reached ***** piety under Trog
 10780 | D:9      | Identified the +3 hunting sling of Gozag's Envy {flame, rC+
                  | rN+}
 11036 | D:9      | Acquired a +0 kite shield of poison resistance
 11054 | D:10     | Entered Level 10 of the Dungeon
 11193 | D:10     | Noticed Maggie
 11235 | D:10     | Killed Maggie
 11295 | D:10     | Found Cephoy's Weapon Shop.
 11538 | D:10     | Reached skill level 5 in Shields
 11541 | D:10     | Reached skill level 14 in Maces & Flails
 11619 | D:10     | Found Lorysiom's Distillery.
 11720 | D:10     | Found Uxoomnud's Antique Weapon Emporium.
 11795 | D:10     | Identified the +8 great mace of Slime {vorpal, rF+++ Int-3
                  | Dex+8}
 12075 | D:11     | Reached XP level 11. HP: 102/102 MP: 10/10
 12372 | D:11     | Identified the ring "Buodgh" {rN+ MP+9 Str+5}
 12407 | D:11     | Noticed a two-headed ogre
 12419 | D:11     | Killed a two-headed ogre
 12486 | D:11     | Noticed a catoblepas
 12520 | D:11     | Killed a catoblepas
 12521 | D:11     | Reached skill level 15 in Maces & Flails
 12933 | D:11     | Received a gift from Trog
 13043 | D:11     | Found a runed translucent gate.
 13043 | D:11     | Noticed an 11-headed hydra
 13044 | D:11     | Found a runed translucent gate.
 13044 | D:11     | Noticed an 11-headed hydra
 13044 | D:11     | Noticed MirrMurr's ghost (journeyman GnHu)
 13045 | D:11     | Found a runed translucent gate.
 13787 | D:12     | Reached skill level 10 in Shields
 13802 | D:12     | Reached skill level 16 in Maces & Flails
 13907 | D:12     | Found a staircase to the Orcish Mines.
 14204 | Lair:1   | Entered Level 1 of the Lair of Beasts
 14212 | Lair:1   | Noticed Joseph
 14225 | Lair:1   | Killed Joseph
 14240 | Lair:1   | Noticed a seven-headed hydra
 14241 | Lair:1   | Noticed Harold
 14261 | Lair:1   | Killed a seven-headed hydra
 14262 | Lair:1   | Reached XP level 12. HP: 98/110 MP: 11/11
 14272 | Lair:1   | Killed Harold
 14462 | Lair:1   | Received a gift from Trog
 14493 | Lair:1   | Noticed Gastronok
 14559 | Lair:1   | Killed Gastronok
 15203 | Lair:2   | Found a transporter.
 15207 | Lair:2   | Found a transporter.
 15207 | Lair:2   | Noticed an eight-headed hydra
 15207 | Lair:2   | Noticed Wuw Late's ghost (journeyman GrEE)
 15418 | Lair:2   | Noticed an eight-headed hydra
 15420 | Lair:2   | Found a staircase to the Shoals.
 15423 | Lair:2   | Killed an eight-headed hydra
 15784 | Lair:2   | Identified the +8 war axe "Hellblazer" {drain, Drain rElec
                  | rN+}
 16342 | Lair:3   | Noticed a five-headed hydra
 16355 | Lair:3   | Killed a five-headed hydra
 17015 | Lair:3   | Found a hole to the Spider Nest.
 17474 | Lair:4   | Reached XP level 13. HP: 93/123 MP: 12/12
 18730 | Lair:5   | Identified the +6 mace of Resourcefulness {elec, MP+9}
 19144 | Lair:5   | Reached skill level 15 in Fighting
 19386 | Lair:5   | Reached skill level 1 in Evocations
 19702 | Lair:5   | Reached skill level 15 in Shields
 20012 | Lair:6   | Entered Level 6 of the Lair of Beasts
 20507 | Lair:6   | Reached XP level 14. HP: 86/135 MP: 13/13
 20541 | Lair:6   | Found a transporter.
 20543 | Lair:6   | Found a transporter.
 20544 | Lair:6   | Noticed Heedrag's ghost (journeyman MiBe)
 20762 | Lair:6   | Reached skill level 5 in Evocations
 21079 | Lair:6   | Reached skill level 1 in Throwing
 21079 | Lair:6   | Reached skill level 10 in Armour
 21404 | Lair:6   | Found a staircase to the Slime Pits.
 21459 | Lair:6   | Received a gift from Trog
 21673 | Lair:6   | Reached skill level 5 in Throwing
 22787 | Orc:1    | Entered Level 1 of the Orcish Mines
 23004 | Orc:1    | Reached skill level 5 in Dodging
 23157 | Orc:1    | Noticed Josephine
 23179 | Orc:1    | Killed Josephine
 23680 | Orc:2    | Entered Level 2 of the Orcish Mines
 24156 | Orc:2    | Received a gift from Trog
 24284 | Orc:2    | Found Melicaz's Antique Armour Shoppe.
 24296 | Orc:2    | Found a staircase to the Elven Halls.
 24326 | Orc:2    | Found a runed translucent gate.
 24326 | Orc:2    | Noticed PirateVox's ghost (journeyman TrAE)
 24329 | Orc:2    | Found a runed translucent gate.
 24330 | Orc:2    | Found a runed translucent gate.
 24331 | Orc:2    | Identified the +0 chain mail of Protective Custody {Str+5}
 24683 | Orc:2    | Found Tipob's Assorted Antiques.
 24748 | Orc:2    | Paralysed by an orc sorcerer for 2 turns
 24799 | Orc:2    | Paralysed by an orc sorcerer for 4 turns
 25217 | Orc:2    | Found Kunag's Assorted Antiques.
 25218 | Orc:2    | Found Gosirepp's Weapon Boutique.
 25219 | Orc:2    | Found Koholl's Weapon Shoppe.
 25464 | Orc:2    | Identified the +1 robe of Ykkoeddo {rPois rN+ rCorr}
 25512 | Orc:2    | Killed PirateVox's ghost
 25513 | Orc:2    | Reached XP level 15. HP: 91/141 MP: 14/14
 27106 | Elf:1    | Entered Level 1 of the Elven Halls
 27108 | Elf:1    | Paralysed by an air elemental for 1 turns
 27453 | Elf:1    | Reached ****** piety under Trog
 27453 | Elf:1    | Received a gift from Trog
 27496 | Elf:1    | Found a transporter.
 27508 | Elf:1    | Identified the +1 longbow "Ugrasekh" {speed, rC+ rCorr}
 27508 | Elf:1    | Noticed a deep elf master archer
 27508 | Elf:1    | Noticed a deep elf blademaster
 27511 | Elf:1    | Found a bloodstained altar of Trog.
 27513 | Elf:1    | Noticed Naivonosm's ghost (journeyman DEIE)
 27514 | Elf:1    | Noticed a deep elf master archer
 27520 | Elf:1    | Found a transporter.
 27520 | Elf:1    | Noticed a deep elf blademaster
 27528 | Elf:1    | Noticed a deep elf master archer
 27528 | Elf:1    | Noticed a deep elf blademaster
 27577 | Elf:1    | Reached skill level 1 in Staves
 28234 | Elf:1    | Found Kiepneng's Magic Scroll Shoppe.
 28412 | Elf:1    | Bought a scroll of fear for 49 gold pieces
 28412 | Elf:1    | Found Ugeacip's Jewellery Emporium.
 28620 | Elf:1    | HP: 2/117 [+1 long sword of draining (13)]
 28620 | Elf:1    | Slain by a +1 long sword of draining

Illustrated notes

Levels and vault maps discovered:
D:1:      mrwooster_arrival_statue, layout_loops_cross,
          shapermc_ecumenical_altar_petra
D:2:      layout_basic, minmay_misc_feat_x
D:3:      layout_basic, chequers_serial_rivers_large_b, uniq_ijyb
D:4:      layout_basic, kennysheep_little_box, minmay_temple_entry_wispy
D:5:      layout_layer_cave, amcnicky_altar_gilded, jmf_multi_god_temple2,
          lightli_ossuary_entry_decrepit_ruins, hangedman_abyss_or_decor_stabs
D:6:      layout_gridville, nicolae_zen_rock_garden
D:7:      layout_basic, mainiacjoe_overflow_alcove_2, bloody_trog,
          evilmike_ruin_ashenzari, uniq_menkaure
D:8:      layout_loops_corners, mainiacjoe_overflow_boulevard,
          nicolae_vehumet_altar_sigil, erik_lair_orcish_takeover, worms_lemuel
D:9:      layout_roguey
D:10:     layout_loops_ring, serial_shops, nicolae_shop_statue_plus,
          nicolae_shop_waterfront, nicolae_square_shop, uniq_maggie
D:11:     minmay_slanted_spiral_squares, layout_cave_pools,
          gammafunk_ghost_hydra_chop, serial_column_ruins, column_ruins_hut,
          column_ruins_open_tiny, column_ruins_open_small,
          column_ruins_open_tiny, column_ruins_grid_1
D:12:     layout_loops_ring, hiddenorc2_lemuel, gauntlet_entry_generic
D:13:     layout_cave_pools, grunt_vaults_entry_fortified
Temple:   oiseaux_autumnal_temple
Lair:1:   layout_cellular_growth, grunt_megastairs_3,
          infiniplex_staircase_pool_2, uniq_joseph, uniq_gastronok, uniq_harold
Lair:2:   layout_loops_ring, elwin_shoals_entry_rocks, gammafunk_ghost_arena
Lair:3:   layout_cave_pods, nicolae_spider_entry_orb_guardian, minivault_11
Lair:4:   layout_regular_city, grunt_forest_stairs_basic
Lair:5:   layout_regular_city, beast_lair_carwin_9
Lair:6:   grunt_lair_end_beastmaster, layout_gridlike, dpeg_slime_entry_corner,
          gammafunk_ghost_hive
Orc:1:    layout_caves, nicolae_orc_flooded_monolith, uniq_josephine
Orc:2:    st_orc_elflike, layout_caves, serial_shops, shop_statue,
          biasface_ghost_orc_armoury
Elf:1:    nicolae_elf_arrival_no_cutting_in_line, layout_geoelf_grid,
          gammafunk_ghost_wrathful_warriors, hangedman_elf_represent,
          minmay_shoptagon

Skill      XL: |  1  2  3  4  5  6  7  8  9 10 11 12 13 14 15 |
---------------+----------------------------------------------+-----
Fighting       | 4 5 6 7 8 9 10 11 13 15 | 15.0
Maces & Flails | 4 5 6 7 9 12 14 16 | 16.0
Shields        | 4 6 10 13 15 | 15.0
Armour         | 5 7 9 11 13 | 13.2
Evocations     | 4 5 |  5.0
Throwing       | 7 8 |  8.0
Dodging        | 6 8 |  8.9
Staves         | 1 |  1.0

Action                   |  1- 3 |  4- 6 |  7- 9 | 10-12 | 13-15 || total
-------------------------+-------+-------+-------+-------+-------++-------
Melee: Mace              |    89 |    35 |       |       |       ||   124
       Headbutt          |    11 |    20 |    33 |   100 |   259 ||   423
       Eveningstar       |       |    80 |   198 |   496 |   902 ||  1676
       Demon whip        |       |       |       |       |   135 ||   135
Throw: Dart              |     4 |     5 |     9 |     9 |     2 ||    29
       Boomerang         |     1 |    11 |     3 |       |       ||    15
       Throwing net      |       |       |       |     2 |       ||     2
Invok: Berserk           |     1 |     1 |     5 |     9 |     6 ||    22
       Brothers in Arms  |       |       |       |     2 |     4 ||     6
       Trog's Hand       |       |       |       |     2 |     1 ||     3
Evoke: Wand              |       |       |     1 |       |       ||     1
  Use: Scroll            |       |     9 |     5 |     5 |     8 ||    27
       Potion            |       |       |    11 |     4 |     6 ||    21
Armor: Animal skin       |    10 |       |       |       |       ||    10
       Scale mail        |       |    68 |    85 |       |       ||   153
       Plate armour      |       |       |       |   263 |   393 ||   656
Dodge: Dodged            |    51 |    59 |    78 |   102 |   173 ||   463
Block: Buckler           |       |    10 |    59 |    23 |       ||    92
       Kite shield       |       |       |       |   194 |   435 ||   629

Table legend: (Time is in decaauts)
 A = Elapsed time spent in this place.
 B = Non-inter-level travel time spent in this place.
 C = Inter-level travel time spent in this place.
 D = Time resting spent in this place.
 E = Time spent auto-exploring this place.
 F = Levels seen in this place.
 G = Mean time per level.
                   A        B        C        D        E       F      G
               +--------+--------+--------+--------+--------+-----+--------+
         Total |  28538 |  26463 |   2075 |   7853 |   4246 |  24 | 1189.1 |
       Dungeon |  15486 |  14288 |   1198 |   4064 |   2186 |  13 | 1191.2 |
        Temple |      1 |      1 |      0 |      0 |      0 |   1 |    1.0 |
          Lair |   8488 |   7825 |    663 |   1913 |   1815 |   6 | 1414.7 |
  Orcish Mines |   3357 |   3174 |    183 |   1494 |    244 |   2 | 1678.5 |
   Elven Halls |    855 |    825 |     30 |    282 |      0 |   1 |  855.0 |
       Ossuary |    348 |    348 |      0 |    100 |      0 |   1 |  348.0 |
               +--------+--------+--------+--------+--------+-----+--------+

Top non-repeatable levels by time:
   Orc:2: 2437 daAuts
  Lair:6: 2151 daAuts
    D:12: 1687 daAuts
     D:5: 1672 daAuts
  Lair:5: 1643 daAuts
     D:8: 1442 daAuts
     D:3: 1373 daAuts
     D:6: 1368 daAuts
  Lair:4: 1360 daAuts
    D:11: 1350 daAuts
     D:7: 1326 daAuts
    D:10: 1234 daAuts
  Lair:3: 1210 daAuts
     D:9: 1093 daAuts
  Lair:2: 1070 daAuts
